 Dungeon Crawl Stone Soup version 0.23.0 (webtiles) character file.

Game seed: 11190855833999618822

112 tidbits the Charmwright (level 4, -8/38 HPs)
             Began as a Gnoll Skald on Feb 15, 2019.
             Mangled by an ogre
             ... wielding a +0 giant club
              (30 damage)
             ... on level 4 of the Dungeon.
             The game lasted 00:03:01 (340 turns).

tidbits the Charmwright (Gnoll Skald)                Turns: 340, Time: 00:03:01

Health: -8/38      AC:  3    Str: 14    XL:     4   Next: 93%
Magic:  1/11       EV: 14    Int: 16    God:
Gold:   31         SH:  0    Dex: 14    Spells: 2/13 levels left

rFire    . . .     SeeInvis .   a - +0 spear
rCold    . . .     Gourm    .   (no shield)
rNeg     . . .     Faith    .   B - +0 leather armour (curse)
rPois    .         Spirit   .   (no helmet)
rElec    .         Reflect  .   (no cloak)
rCorr    .         Harm     +   (no gloves)
MR       .....     Rnd*Tele +   (no boots)
Stlth    ++........             i - amulet of harm
HPRegen  0.12/turn              k - ring of teleportation (curse)
MPRegen  0.12/turn              (no ring)

@: berserk cooldown
A: distributed training, fangs 1, strong nose
a: no special abilities


You were on level 4 of the Dungeon.
You were not hungry.

You visited 1 branch of the dungeon, and saw 4 of its levels.

You collected 31 gold pieces.

Inventory:

Hand Weapons
 a - a +0 spear (weapon)
 g - a +0 dagger
Missiles
 e - 19 stones (quivered)
Armour
 b - a +0 leather armour
 B - a cursed +0 leather armour (worn)
Jewellery
 i - an amulet of harm (around neck)
   (You found it on level 3 of the Dungeon)
 k - a cursed ring of teleportation (left hand)
   (You found it on level 4 of the Dungeon)
Scrolls
 h - 2 scrolls of identify {unknown}
 j - a scroll of teleportation {unknown}
 l - a scroll of random uselessness {unknown}
Potions
 c - a potion of flight {unknown}
 f - a potion of mutation {unknown}
 m - 2 potions of heal wounds {unknown}
Comestibles
 d - 2 rations


   Skills:
 + Level 4.7 Fighting
 + Level 1.2 Short Blades
 + Level 1.2 Long Blades
 + Level 1.2 Axes
 + Level 1.2 Maces & Flails
 + Level 4.7 Polearms
 + Level 1.2 Staves
 + Level 1.2 Slings
 + Level 1.2 Bows
 + Level 1.2 Crossbows
 + Level 1.2 Throwing
 + Level 2.8 Armour
 + Level 4.7 Dodging
 + Level 1.2 Stealth
 + Level 1.2 Shields
 + Level 1.2 Unarmed Combat
 + Level 5.1 Spellcasting
 + Level 1.0 Conjurations
 + Level 1.0 Hexes
 + Level 5.5 Charms
 + Level 1.0 Summonings
 + Level 1.0 Necromancy
 + Level 1.0 Translocations
 + Level 1.0 Transmutations
 + Level 1.0 Fire Magic
 + Level 1.0 Ice Magic
 + Level 1.0 Air Magic
 + Level 1.0 Earth Magic
 + Level 1.0 Poison Magic
 + Level 1.4 Invocations
 + Level 1.2 Evocations


You had 2 spell levels left.
You knew the following spells:

 Your Spells              Type           Power        Failure   Level  Hunger
g - Shroud of Golubria    Chrm/Tloc      ##........   8%          2    #......
i - Infusion              Chrm           ###.         1%          1    None
r - Regeneration          Chrm/Necr      ##........   14%         3    ###....
w - Spectral Weapon       Hex/Chrm       ##......     14%         3    ###....
y - Song of Slaying       Chrm           ###.....     3%          2    #......

Your spell library contained the following spells:

 Spells                   Type           Power        Failure   Level  Hunger


Dungeon Overview and Level Annotations

Branches:
Dungeon (4/15)
 Temple: D:4-7

Altars:


Innate Abilities, Weirdness & Mutations

Your experience applies equally to all skills.
You have very sharp teeth.
Your uncanny sense of smell can sniff out nearby items.


Message History

Memorise Regeneration, consuming 3 spell levels and leaving 4?
You start memorising the spell.
You continue memorising. x2
Your shroud begins to fray at the edges.
You continue memorising.
HP restored.
You finish memorising.
Spell assigned to 'r'.
Memorise Spectral Weapon, consuming 3 spell levels and leaving 1?
You start memorising the spell.
You continue memorising. x3
You finish memorising.
Spell assigned to 'w'.
Unknown command.
Unknown command.
The ogre shouts!
You hit the ogre.
The ogre is lightly wounded.
Your shroud unravels.
You hit the ogre. You bite the ogre, but do no damage.
The ogre is moderately wounded.
The ogre hits you with a +0 giant spiked club!!
Ouch! That really hurt!
* * * LOW HITPOINT WARNING * * *
It was a potion of berserk rage.
A red film seems to cover your vision as you go berserk!
You feel yourself moving faster!
You feel mighty! The ogre barely misses you.
You puncture the ogre!
The ogre is severely wounded.
You hit the ogre.
The ogre is severely wounded.
The ogre barely misses you.
You hit the ogre.
You kill the ogre!
Your Short Blades skill increases to level 1!
Your Long Blades skill increases to level 1!
Your Axes skill increases to level 1!
Your Maces & Flails skill increases to level 1!
Your Staves skill increases to level 1!
Your Slings skill increases to level 1!
Your Bows skill increases to level 1!
Your Crossbows skill increases to level 1!
Your Throwing skill increases to level 1!
Your Stealth skill increases to level 1!
Your Shields skill increases to level 1!
Your Unarmed Combat skill increases to level 1!
Your Conjurations skill increases to level 1!
Your Hexes skill increases to level 1!
Your Summonings skill increases to level 1!
Your Necromancy skill increases to level 1!
Your Translocations skill increases to level 1!
Your Transmutations skill increases to level 1!
Your Fire Magic skill increases to level 1!
Your Ice Magic skill increases to level 1!
Your Air Magic skill increases to level 1!
Your Earth Magic skill increases to level 1!
Your Poison Magic skill increases to level 1!
Your Invocations skill increases to level 1!
Your Evocations skill increases to level 1!
You have reached level 4!
You feel stronger.
You see here a jackal corpse.
You feel a strong urge to attack something.
You see here a scroll labeled FEACUH MILES.
h - 2 scrolls labeled FEACUH MILES (gained 1)
You feel your anger nearly subside.
You are no longer berserk.
You are exhausted.
You feel yourself slow down.
Unknown command.
Found a scroll labeled UMOROQINEPP.
Casting: Shroud of Golubria (safe; 8% risk of failure)
Confirm with . or Enter, or press ? or * to list all spells.
Your skin crawls.
Unknown command.
You see here a coppery potion.
c - a coppery potion
Found 2 fuming clear potions.
Your skin is crawling a little less now.
Unknown command.
Your skin stops crawling.
You see here a scroll labeled UMOROQINEPP.
Unknown command.
l - a scroll labeled UMOROQINEPP
Found 14 gold pieces.
There are no items here.
You see here 2 fuming clear potions.
Unknown command.
m - 2 fuming clear potions You feel strangely unstable.
You are suddenly yanked towards a nearby monster!
Your surroundings suddenly seem different.
An ogre comes into view. It is wielding a +0 giant club.
The ogre shouts!
The ogre barely misses you.
Found a spear.
Casting: Regeneration (safe; 14% risk of failure)
Confirm with . or Enter, or press ? or * to list all spells.
You draw out your weapon's spirit!
The ogre barely misses you.
You barely miss the ogre. You bite the ogre.
The ogre is lightly wounded.
You feel yourself speed up.
Your spectral weapon hits the ogre from afar.
The ogre hits you with a +0 giant club!!
Ouch! That really hurt!
You die...

#.............###.
#............
.......#.....## ..
#...........$
.......#.#.... ..
#..#.#.......
......##.#...##
.#....###.......
....... ..
.##..##.........
......##
####..#..........#..
.....## .
#...............## .
....#.........#......
#.....O@(.....#.......
#........)....#.......
...............
..........##..#
..........# .#
..........# ∆ #
#.........#
#........#.


You could see an ogre and a friendly spectral +0 spear.

Vanquished Creatures
  An ogre (D:4)
  An adder (D:3)
  A dart slug (D:1)
  2 goblins
  2 hobgoblins (D:2)
  4 jackals (D:4)
  A bat (D:2)
  A frilled lizard (D:3)
  2 kobolds
  A rat (D:2)
16 creatures vanquished.

Notes
Turn   | Place    | Note
-------+----------+-------------------------------------------
     0 | D:1      | tidbits the Gnoll Skald began the quest for the Orb.
     0 | D:1      | Reached XP level 1. HP: 20/20 MP: 6/6
   141 | D:2      | Reached XP level 2. HP: 26/26 MP: 4/7
   145 | D:2      | Learned a level 2 spell: Song of Slaying
   148 | D:2      | Learned a level 2 spell: Shroud of Golubria
   289 | D:4      | Reached XP level 3. HP: 29/31 MP: 0/9
   296 | D:4      | Reached skill level 5 in Spellcasting
   301 | D:4      | Learned a level 3 spell: Regeneration
   303 | D:4      | Noticed an ogre
   305 | D:4      | Learned a level 3 spell: Spectral Weapon
   306 | D:4      | HP: 4/31 [ogre/+0 giant spiked club (27)]
   310 | D:4      | Killed an ogre
   310 | D:4      | Reached skill level 1 in Short Blades
   310 | D:4      | Reached skill level 1 in Long Blades
   310 | D:4      | Reached skill level 1 in Axes
   310 | D:4      | Reached skill level 1 in Maces & Flails
   310 | D:4      | Reached skill level 1 in Staves
   310 | D:4      | Reached skill level 1 in Slings
   310 | D:4      | Reached skill level 1 in Bows
   310 | D:4      | Reached skill level 1 in Crossbows
   310 | D:4      | Reached skill level 1 in Throwing
   310 | D:4      | Reached skill level 1 in Stealth
   310 | D:4      | Reached skill level 1 in Shields
   310 | D:4      | Reached skill level 1 in Unarmed Combat
   310 | D:4      | Reached skill level 1 in Conjurations
   310 | D:4      | Reached skill level 1 in Hexes
   310 | D:4      | Reached skill level 1 in Summonings
   310 | D:4      | Reached skill level 1 in Necromancy
   310 | D:4      | Reached skill level 1 in Translocations
   310 | D:4      | Reached skill level 1 in Transmutations
   310 | D:4      | Reached skill level 1 in Fire Magic
   310 | D:4      | Reached skill level 1 in Ice Magic
   310 | D:4      | Reached skill level 1 in Air Magic
   310 | D:4      | Reached skill level 1 in Earth Magic
   310 | D:4      | Reached skill level 1 in Poison Magic
   310 | D:4      | Reached skill level 1 in Invocations
   310 | D:4      | Reached skill level 1 in Evocations
   310 | D:4      | Reached XP level 4. HP: 8/38 MP: 2/11
   338 | D:4      | Noticed an ogre
   340 | D:4      | Mangled by an ogre

Skill      XL: |  1  2  3 |
---------------+----------+-----
Spellcasting   | 5 |  5.1
Short Blades   | 1 |  1.2
Long Blades    | 1 |  1.2
Axes           | 1 |  1.2
Maces & Flails | 1 |  1.2
Staves         | 1 |  1.2
Slings         | 1 |  1.2
Bows           | 1 |  1.2
Crossbows      | 1 |  1.2
Throwing       | 1 |  1.2
Stealth        | 1 |  1.2
Shields        | 1 |  1.2
Unarmed Combat | 1 |  1.2
Conjurations   | 1 |  1.0
Hexes          | 1 |  1.0
Summonings     | 1 |  1.0
Necromancy     | 1 |  1.0
Translocations | 1 |  1.0
Transmutations | 1 |  1.0
Fire Magic     | 1 |  1.0
Ice Magic      | 1 |  1.0
Air Magic      | 1 |  1.0
Earth Magic    | 1 |  1.0
Poison Magic   | 1 |  1.0
Invocations    | 1 |  1.4
Evocations     | 1 |  1.2
Fighting       | |  4.7
Polearms       | |  4.7
Armour         | |  2.8
Dodging        | |  4.7
Charms         | |  5.5

Action                   |  1- 3 |  4- 6 || total
-------------------------+-------+-------++-------
Melee: Spear             |    43 |     1 ||    44
       Bite              |     7 |     1 ||     8
 Cast: Infusion          |     5 |       ||     5
       Shroud of Golubri |     2 |       ||     2
       Regeneration      |       |     1 ||     1
       Spectral Weapon   |       |     1 ||     1
  Use: Potion            |     1 |       ||     1
 Stab: Sleeping          |     1 |       ||     1
Armor: Leather armour    |     9 |       ||     9
Dodge: Dodged            |    30 |     2 ||    32

Table legend:
 A = Turns spent in this place as a percentage of turns spent in the entire game.
 B = Non-inter-level travel turns spent in this place as a percentage of non-inter-level travel turns spent in the entire game.
 C = Inter-level travel turns spent in this place as a percentage of turns spent in this place.
 D = Turns resting spent in this place as a percentage of non-inter-level travel turns spent in this place.
 E = Turns spent auto-exploring this place as a percentage of non-inter-level travel turns spent in this place.
 F = Non-inter-level travel turns spent in this place divided by the number of levels of this place that you've seen.
                   A       B       C       D       E      F
               +-------+-------+-------+-------+-------+----------------------
         Total | 100.0 | 100.0 |   0.0 |   0.0 |   0.0 |  85.0
       Dungeon | 100.0 | 100.0 |   0.0 |   0.0 |   0.0 |  85.0
               +-------+-------+-------+-------+-------+----------------------

Table legend:
 A = Kills in this place as a percentage of kills in entire the game.
 B = Kills by you in this place as a percentage of kills by you in the entire game.
 C = Kills by friends in this place as a percentage of kills by friends in the entire game.
 D = Other kills in this place as a percentage of other kills in the entire game.
 E = Experience gained in this place as a percentage of experience gained in the entire game.
 F = Experience gained in this place divided by the number of levels of this place that you have seen.
                   A       B       C       D       E      F
               +-------+-------+-------+-------+-------+----------------------
         Total | 100.0 | 100.0 |   N/A |   N/A | 100.0 |  40.0
       Dungeon | 100.0 | 100.0 |   N/A |   N/A | 100.0 |  40.0
               +-------+-------+-------+-------+-------+----------------------

Levels and vault maps discovered:
D:1:      ncdulo_smallfort, layout_loops_corners
D:2:      layout_basic, first_ration, supply_closet_lemuel
D:3:      layout_loops_ring
D:4:      layout_cave_pools, serial_column_ruins,
          column_ruins_corridor_straight, column_ruins_open_small,
          column_ruins_open_tiny, column_ruins_columns_plus,
          column_ruins_columns_T
